 Dungeon Crawl Stone Soup version 0.30-a0-371-gad7725a93e (webtiles) character file.

Game seed: 11708709474462069648

399 mopl the Sneak (level 6, -2/42 HPs)
             Began as an Octopode Cinder Acolyte on Nov 20, 2022.
             Was a High Priest of Ignis.
             Slain by a gnoll
             ... wielding a +0 club
              (8 damage)
             ... on level 4 of the Dungeon.
             The game lasted 00:04:14 (3105 turns).

mopl the Sneak (Octopode Cinder Acolyte)            Turns: 3105, Time: 00:04:15

Health: -2/42      AC:  1    Str: 13    XL:     6   Next: 84%
Magic:  5/9        EV: 12    Int: 19    God:    Ignis [*****.]
Gold:   295        SH:  5    Dex:  7    Spells: 2/9 levels left

rFire   + . .      SeeInvis .    a - -1 falchion (flame)
rCold   . . .      Faith    .    (no shield)
rNeg    . . .      Spirit   .    (helmet restricted)
rPois   .          Reflect  +    x - amulet of reflection
rElec   .          Harm     .    (no ring)
rCorr   .          Rampage  .    (no ring)
Will    .....                    (no ring)
Stlth   ++++......               (no ring)
HPRegen 0.27/turn                (no ring)
MPRegen 0.11/turn                (no ring)
                                 (no ring)
                                 (no ring)

@: mighty, lethally poisoned (-2 -> -4), very slightly contaminated
A: almost no armour, amphibious, 8 rings, camouflage 1, gelatinous body 1,
(nimble swimmer 1), tentacles
a: Renounce Religion, Fiery Armour, Foxfire Swarm, Rising Flame


You were on level 4 of the Dungeon.
You worshipped Ignis.
Ignis was extremely pleased with you.
You visited 1 branch of the dungeon, and saw 4 of its levels.

You collected 295 gold pieces.

Inventory:

Hand Weapons
 a - a -1 falchion of flaming (weapon)
 b - the +2 dagger "Otiocwun" {vorpal, rElec rN+ Str+3 Dex+2}
   (You found it on level 3 of the Dungeon)

   It inflicts extra damage upon your enemies.
   Str:       It affects your strength (+3).
   Dex:       It affects your dexterity (+2).
   rElec:     It insulates you from electricity.
   rN:        It protects you from negative energy.
 h - a +1 short sword of freezing
Missiles
 i - 4 boomerangs (quivered)
 o - 9 poisoned darts
Magical Staves
 p - a staff of air
Jewellery
 x - an amulet of reflection (around mantle)
Wands
 q - a wand of quicksilver (1)
Scrolls
 d - 3 scrolls of teleportation {unknown}
 f - 2 scrolls of enchant weapon {unknown}
 g - 3 scrolls of identify {unknown}
 k - a scroll of butterflies {unknown}
 l - a scroll of fear {unknown}
 s - a scroll of torment {unknown}
 t - a scroll of noise {unknown}
 u - a scroll of silence {unknown}
 v - 3 scrolls of poison {unknown}
Potions
 c - a potion of degeneration {unknown}
 e - a potion of heal wounds {unknown}
 j - a potion of might
 m - 2 potions of magic {unknown}
 n - a potion of curing {unknown}
 r - a potion of ambrosia {unknown}
 w - a potion of attraction {unknown}


   Skills:
 - Level 3.0 Fighting
 + Level 5.0 Long Blades
 + Level 5.4 Stealth
 + Level 2.2 Spellcasting
 + Level 0.4 Conjurations
 + Level 0.3 Hexes
 - Level 3.0 Fire Magic
 + Level 3.0 Poison Magic


You had 2 spell levels left.
You knew the following spells:

 Your Spells              Type           Power      Damage    Failure   Level
b - Dazzling Flash        Conj/Hex       6%         N/A       38%         3
o - Olgreb's Toxic Radia  Pois           13%        N/A       43%         4

Your spell library contained the following spells:

 Spells                   Type           Power      Damage    Failure   Level
 Scorch                   Fire           26%        2d6       8%          2
 Sting                    Tmut/Pois      28%        1d4       9%          1
 Poisonous Vapours        Pois/Air       14%        N/A       14%         2
 Inner Flame              Hex/Fire       8%         N/A       26%         3
 Tukima's Dance           Hex            3%         N/A       41%         3
 Portal Projectile        Hex/Tloc       4%         N/A       43%         3
 Gell's Gravitas          Tloc           2%         N/A       45%         3
 Teleport Other           Tloc           2%         N/A       45%         3
 Cause Fear               Hex            1%         N/A       82%         4
 Agony                    Necr           2%         N/A       99%         5
 Blade Hands              Tmut           1%         N/A       99%         5
 Silence                  Hex/Air        1%         N/A       99%         5
 Dispersal                Tloc           1%         N/A       100%        6
 Discord                  Hex            1%         N/A       100%        8


Dungeon Overview and Level Annotations

Branches:
Dungeon (4/15)
 Temple: D:4-7

Altars:

Shops:
D:1 !   D:3 [

Annotations:
D:3 1 runed translucent door, lukessrichardson1's ghost, amateur HuBe
D:4 1 transporter, NoAnimeNoLife's ghost, amateur DrTm


Innate Abilities, Weirdness & Mutations

You cannot wear most types of armour.
You are amphibious.
You can wear up to eight rings at the same time.
Your skin changes colour to match your surroundings (Stealth+).
Your rubbery body absorbs attacks. (AC +1, EV +1)
((You are camouflaged when in or above water. (Stealth+)))
You have tentacles for arms and can constrict up to eight enemies at once.


Message History

The hound is heavily wounded.
You constrict the hound, but do no damage.
The hound completely misses you. x2
You hit the hound. You burn the hound.
The hound is heavily wounded.
You constrict the hound. The hound barely misses you.
You barely miss the hound. You squeeze the hound.
You kill the hound!
Your Long Blades skill increases to level 5!
Your Poison Magic skill increases to level 3!
No target in view!
v - 3 scrolls labelled WYRIKH KASMIKK (gained 1)
Found a leather armour.
o - 9 poisoned darts (gained 5)
A gnoll comes into view. It is wielding a +0 club.
A gnoll is nearby!
A gnoll comes into view. It is wielding a +0 spear.
A gnoll comes into view. It is wielding a +0 spear.
The gnoll shouts! x2
You closely miss the gnoll. Your grab misses the gnoll.
The gnoll hits you with a +0 club.
You barely miss the gnoll. Your grab misses the gnoll.
You block the gnoll's attack. The gnoll misses you.
Cast which spell? (? or * to list)
The spell is extremely dangerous to miscast (43% risk of failure)!
Continue anyway?
You miscast Olgreb's Toxic Radiance.
You are very lightly contaminated with residual magic.
You feel odd!
You are poisoned.
You feel sick.
The gnoll hits you from afar with a +0 spear.
The gnoll hits you with a +0 club.
* * * LOW HITPOINT WARNING * * *
It was a potion of might.
You feel very mighty all of a sudden.
You feel sick.
The gnoll hits you from afar with a +0 spear.
* * * LOW HITPOINT WARNING * * *
The gnoll hits you with a +0 club!
You die...

##.# #.....#
##.#########.###
.#......##.....##
....###.###..#..########
....# #..#.........#
....# #...[.#####.##
....# #.....# #.# ....#
############.# ....#
....ggg@.....# .####
############## .#####
.....# ####.#
#.######### #.##......#
#.##.####.# #.##.# #.#


You could see 3 gnolls.

Vanquished Creatures
  Sigmund (D:3)
  A hound (D:4)
  Jessica (D:2)
  Natasha (twice) (D:2)
  Robin (D:3)
  4 adders
  3 gnolls (D:4)
  2 dart slugs (D:3)
  2 orcs (D:4)
  4 ball pythons
  A bat (D:3)
  6 endoplasms
  2 giant cockroaches
  16 goblins
  8 hobgoblins
  3 quokkas
  A frilled lizard (D:3)
  2 kobolds
60 creatures vanquished.

Vanquished Creatures (others)
  2 withered plants (D:3)
2 creatures vanquished.

Grand Total: 62 creatures vanquished

Notes
Turn   | Place    | Note
-------+----------+-------------------------------------------
     0 | D:1      | mopl the Octopode Cinder Acolyte began the quest for the
                  | Orb.
     0 | D:1      | Reached XP level 1. HP: 16/16 MP: 2/2
   165 | D:1      | Found Zijewk's Distillery.
   171 | D:1      | Reached skill level 1 in Stealth
   210 | D:1      | Reached XP level 2. HP: 21/21 MP: 3/3
   767 | D:2      | Reached skill level 2 in Stealth
   779 | D:2      | Reached XP level 3. HP: 26/26 MP: 4/4
   848 | D:2      | Noticed Natasha
   857 | D:2      | Killed Natasha
   858 | D:2      | Reached skill level 3 in Stealth
   998 | D:2      | Noticed Natasha
  1009 | D:2      | Killed Natasha
  1010 | D:2      | Reached skill level 4 in Long Blades
  1010 | D:2      | Reached XP level 4. HP: 30/31 MP: 5/5
  1015 | D:2      | Learned a level 4 spell: Olgreb's Toxic Radiance
  1157 | D:2      | Reached skill level 4 in Stealth
  1370 | D:2      | Noticed Jessica
  1373 | D:2      | Killed Jessica
  1374 | D:2      | Reached skill level 1 in Poison Magic
  1374 | D:2      | Reached XP level 5. HP: 36/36 MP: 6/6
  1439 | D:3      | Noticed lukessrichardson1's ghost (amateur HuBe)
  1440 | D:3      | Found a runed translucent door.
  1497 | D:3      | Found Nemare's Antique Armour Emporium.
  1504 | D:3      | Noticed Robin
  1512 | D:3      | Killed Robin
  1672 | D:3      | Identified the +2 dagger "Otiocwun" {vorpal, rElec rN+
                  | Str+3 Dex+2}
  1850 | D:3      | Noticed Sigmund
  1861 | D:3      | Killed Sigmund
  1862 | D:3      | Reached skill level 5 in Stealth
  1862 | D:3      | Reached skill level 2 in Spellcasting
  1862 | D:3      | Reached skill level 2 in Poison Magic
  1862 | D:3      | Reached XP level 6. HP: 36/42 MP: 6/9
  2449 | D:4      | Learned a level 3 spell: Dazzling Flash
  2848 | D:4      | Noticed NoAnimeNoLife's ghost (amateur DrTm)
  2854 | D:4      | Found a transporter.
  2955 | D:4      | Reached skill level 5 in Long Blades
  2955 | D:4      | Reached skill level 3 in Poison Magic
  3105 | D:4      | Slain by a gnoll

Illustrated notes

Levels and vault maps discovered:
D:1:      minmay_arrival_stone_box, layout_basic, serial_shops, shop_fountains,
          chequers_big_river
D:2:      kennysheep_the_goblin_king, layout_basic, uniq_natasha, uniq_jessica
D:3:      layout_loops_ring, serial_shops, shop_coins, gammafunk_ghost_grave,
          hangedman_glass_teeth, amethyst_killhole, dreamdust_wishing_well,
          grunt_decor_clamped, uniq_sigmund, uniq_robin
D:4:      layout_basic, gammafunk_ghost_smash

Skill      XL: |  1  2  3  4  5  6 |
---------------+-------------------+-----
Stealth        | 1 2 3 4 5 |  5.4
Long Blades    | 4 5 |  5.0
Poison Magic   | 1 2 3 |  3.0
Spellcasting   | 2 |  2.2
Fighting       | |  3.0
Conjurations   | |  0.4
Hexes          | |  0.3
Fire Magic     | |  3.0

Action                   |  1- 3 |  4- 6 || total
-------------------------+-------+-------++-------
Melee: Falchion          |    40 |   103 ||   143
       Constrict         |    10 |    20 ||    30
       Tentacles         |     5 |    18 ||    23
  Use: Potion            |       |     1 ||     1
 Stab: Sleeping          |     5 |    13 ||    18
Armor: Skin              |     3 |     3 ||     6
Dodge: Dodged            |    23 |    55 ||    78
Block: Other             |       |     3 ||     3

Table legend: (Time is in decaauts)
 A = Elapsed time spent in this place.
 B = Non-inter-level travel time spent in this place.
 C = Inter-level travel time spent in this place.
 D = Time resting spent in this place.
 E = Time spent auto-exploring this place.
 F = Levels seen in this place.
 G = Mean time per level.
                   A        B        C        D        E       F      G
               +--------+--------+--------+--------+--------+-----+--------+
         Total |   3117 |   3081 |     36 |    361 |   2222 |   4 |  779.2 |
       Dungeon |   3117 |   3081 |     36 |    361 |   2222 |   4 |  779.2 |
               +--------+--------+--------+--------+--------+-----+--------+

Top non-repeatable levels by time:
     D:3: 1012 daAuts
     D:2: 755 daAuts
     D:1: 686 daAuts
     D:4: 662 daAuts
